AoeStats
← Azadrum

Hideout

508292856Analyzed
1v1 RM · 10d ago on Sep 21, 2026· 26m 11s· 2 players
Game mode
Random Map
Map size
Tiny (2 player)
Population
200
Speed
Normal
Resources
Standard
Victory
Conquest
Starting age
Dark Age
Ending age
Imperial Age
RankedLock teamsTeams togetherTeam positionsShared explorationLock speedFull tech treeHidden civsTurbo modeCheats
Victory
Defeat
🇺🇸 Malay · United States
911
+17
🇹🇷 Magyars · Türkiye
925
-17
yC%N%9dMZFreaK&8$
8:38 Loom
10:43 Feudal Age
10:26 Double-Bit Axe
10:24 Horse Collar
14:28 Fletching
21:39 Castle Age
21:44 Wheelbarrow
20:55 Town Watch
21:33 Bodkin Arrow
20:59 Crossbowman
22:40 Ballistics
Azadrum
7:20 Loom
9:13 Feudal Age
11:22 Wheelbarrow
14:08 Castle Age
13:30 Scale Barding Armor
14:24 Double-Bit Axe
16:30 Town Watch
Connection lost

Rejoining the realm…

Still unreachable

The connection could not be restored.

Session expired

The server has moved on; the page needs a fresh start.